 Dungeon Crawl Stone Soup version 0.22-a0-480-g991dd4b (webtiles) character file.

1954 KristoblXynda the Grappler (level 8, 0/67 HPs)
             Began as a Troll Wizard on June 15, 2018.
             Was an Initiate of Ashenzari.
             Killed by divine providence
             ... invoked by an orc priest
              (17 damage)
             ... on level 7 of the Dungeon.
             The game lasted 00:20:07 (5514 turns).

KristoblXynda the Grappler (Troll Wizard)           Turns: 5514, Time: 00:20:08

Health: 0/67       AC:  7    Str: 16    XL:     8   Next: 99%
Magic:  7/10       EV:  9    Int: 19    God:    Ashenzari [......]
Gold:   282        SH:  0    Dex:  8    Spells: 7/11 levels left

rFire    + . .     SeeInvis .     - Unarmed
rCold    . . .     Gourm    +   (no shield)
rNeg     . . .     Faith    .   a - +0 robe
rPois    +         Spirit   .   b - +0 hat
rElec    .         Reflect  .   t - +1 cloak
rCorr    .         Harm     .   (gloves unavailable)
MR       .....                  (boots unavailable)
Stlth    ++........             z - amulet of the acrobat
HPRegen  0.61/turn              u - ring of Scepticism {rPois rF+ Int+3} (curse)
MPRegen  0.12/turn              i - ring of stealth (curse)

@: no status effects
A: large, unfitting armour, claws 3, fast metabolism 3, gourmand, regeneration
1, shaggy fur 1, tough skin 2
a: Curse Item, Renounce Religion


You were on level 7 of the Dungeon.
You worshipped Ashenzari.
Ashenzari was noncommittal.
You were very full.

You visited 2 branches of the dungeon, and saw 8 of its levels.

You collected 282 gold pieces.

Inventory:

Hand Weapons
 F - a +2 whip of electrocution
Missiles
 e - a throwing net (quivered)
Armour
 a - a +0 robe (worn)
 b - a +0 hat (worn)
 t - a +1 cloak (worn)
 w - a scarf of resistance
Jewellery
 i - a cursed ring of stealth (right claw)
 u - the cursed ring of Scepticism (left claw) {rPois rF+ Int+3}
   (You found it on level 5 of the Dungeon)

   [ring of intelligence]

   It affects your intelligence (+3).
   It protects you from fire.
   It protects you from poison.
   It has a curse placed upon it.
 y - an uncursed ring of see invisible
 z - an amulet of the acrobat (around neck)
Wands
 B - a wand of acid (5)
 C - a wand of clouds (8)
Scrolls
 c - 2 scrolls of identify
 f - 3 scrolls of teleportation
 g - 4 scrolls of immolation {unknown}
 h - a scroll of fog {unknown}
 j - a scroll of magic mapping {unknown}
 k - 3 scrolls of amnesia {unknown}
 l - a scroll of random uselessness {unknown}
 m - a scroll of noise {unknown}
 n - 2 scrolls of fear {unknown}
 p - a scroll of enchant weapon {unknown}
 s - a scroll of blinking {unknown}
Potions
 o - a potion of curing
 q - 2 potions of heal wounds
 r - 2 potions of flight
 v - a potion of might
 x - a potion of resistance {unknown}
 A - a potion of berserk rage
 E - a potion of agility
Comestibles
 d - 12 rations


   Skills:
 - Level 1.5 Dodging
 - Level 1.0 Stealth
 + Level 8.2 Unarmed Combat
 - Level 2.0 Spellcasting
 + Level 6.3 Conjurations
   Level 0.6 Summonings
   Level 0.6 Translocations


You had 7 spell levels left.
You knew the following spells:

 Your Spells              Type           Power        Failure   Level  Hunger
a - Magic Dart            Conj           ####         1%          1    #......
b - Mephitic Cloud        Conj/Pois/Air  #.......     22%         3    ###....

Your spell library contained the following spells:

 Spells                   Type           Power        Failure   Level  Hunger
 Conjure Flame            Conj/Fire      ##......     14%         3    ###....
 Slow                     Hex            #.......     26%         2    ###....
 Blink                    Tloc           N/A          21%         2    ###....
 Call Imp                 Summ           #.......     21%         2    ###....


Dungeon Overview and Level Annotations

Branches:
Dungeon (7/15)             Temple (1/1) D:6

Altars:
Ashenzari
Cheibriados
Dithmenos
Elyvilon
Fedhas
Gozag
Hepliaklqana
Kikubaaqudgha
Nemelex Xobeh
Ru
Trog
Uskayaw
Vehumet
Wu Jian
Xom
Yredelemnul
Zin
The Shining One

Shops:
D:4 }   D:6 (


Innate Abilities, Weirdness & Mutations

You are too large for most types of armour.
You have claws for hands.
Your metabolism is lightning-fast.
You like to eat raw meat.
Your natural rate of healing is unusually fast.
You are covered in fur. (AC +1)
You have very tough skin. (AC +2)


Message History

The orc priest is engulfed in noxious fumes.
The orc priest appears confused.
The orc warrior is engulfed in noxious fumes.
The orc warrior appears confused.
Casting: Mephitic Cloud (safe; 22% risk of failure)
Confirm with . or Enter, or press ? or * to list all spells.
Aiming: Mephitic Cloud (safe; 22% risk of failure)
Press: ? - help, Shift-Dir - straight line, f/p - orc priest
Aim: an orc priest, wearing a ring mail (moderately wounded, confused)
Okay, then.
Evoke which item? (* to show all) (? for menu, Esc to quit)
Aiming: Corrosive Bolt
Press: ? - help, Shift-Dir - straight line, f/p - orc priest
Aim: an orc priest, wearing a ring mail (moderately wounded, confused)
The bolt of acid hits the orc priest.
The orc priest is splashed with acid.
You kill the orc priest!
The orc priest shouts!
The orc priest invokes the aid of Beogh against you.
Beogh smites you!
You die...

...)..#.............#
......#......)##....#
.....o#.......#######
#..##o####....##....#
#####o####....##....#
#...........)....#
#...........)....#
#................#
#............@...#
###'###....##....#
#######....# .o[..#
.....# o.....#
......# .......#


You could see an orc warrior (confused) and an orc priest.

Vanquished Creatures
  Eustachio (D:6)
  Menkaure (D:6)
  2 orc warriors
  A centaur (D:6)
  3 ogres
  A big kobold (D:7)
  2 scorpions
  2 crimson imps (D:6)
  A centaur zombie (D:6)
  4 hounds
  8 orc priests
  4 orc wizards
  An iguana (D:7)
  2 worker ants
  A hound skeleton (D:6)
  7 gnolls
  14 adders
  2 shadow imps
  An ooze (D:2)
  An adder zombie (D:6)
  An adder skeleton (D:4)
  5 worms
  3 dart slugs (D:1)
  2 leopard geckos
  22 orcs
  15 bats
  5 giant cockroaches
  3 hobgoblins
  10 jackals
  15 kobolds
  2 quokkas
  2 ball pythons
  3 frilled lizards
  7 goblins
  A leopard gecko skeleton (D:4)
  A quokka skeleton (D:6)
  10 rats
166 creatures vanquished.

Notes
Turn   | Place    | Note
-------+----------+-------------------------------------------
     0 | D:1      | KristoblXynda the Troll Wizard began the quest for the Orb.
     0 | D:1      | Reached XP level 1. HP: 16/16 MP: 2/2
    37 | D:1      | Reached skill level 1 in Conjurations
    66 | D:1      | Reached skill level 1 in Unarmed Combat
    67 | D:1      | Reached XP level 2. HP: 24/24 MP: 4/4
   356 | D:1      | Reached XP level 3. HP: 31/31 MP: 5/5
   450 | D:1      | Reached skill level 2 in Unarmed Combat
   689 | D:2      | Reached XP level 4. HP: 33/39 MP: 6/6
  1551 | D:3      | Learned a level 3 spell: Mephitic Cloud
  1590 | D:3      | Reached skill level 3 in Unarmed Combat
  1706 | D:3      | Reached XP level 5. HP: 33/45 MP: 7/7
  2571 | D:4      | Reached skill level 4 in Unarmed Combat
  2637 | D:4      | Reached XP level 6. HP: 17/53 MP: 2/8
  2780 | D:4      | Found an opulent altar of Gozag.
  2819 | D:4      | Found Veiqus's Gadget Shop.
  3089 | D:5      | Entered Level 5 of the Dungeon
  3099 | D:5      | Got a fine lead ring
  3139 | D:5      | Found a hazy altar of Hepliaklqana.
  3144 | D:5      | Found a blossoming altar of Fedhas.
  3336 | D:5      | Identified the ring of Scepticism {rPois rF+ Int+3} (You found it on level 5 of the Dungeon)
  3390 | D:5      | Reached skill level 5 in Unarmed Combat
  3390 | D:5      | Reached XP level 7. HP: 45/59 MP: 3/9
  3430 | D:5      | Found a glowing golden altar of the Shining One.
  3914 | D:6      | Noticed Menkaure
  3925 | D:6      | Killed Menkaure
  3925 | D:6      | Reached skill level 6 in Unarmed Combat
  3974 | D:6      | Found Tezariobb's Weapon Emporium.
  4198 | D:6      | Reached skill level 5 in Conjurations
  4198 | D:6      | Reached XP level 8. HP: 49/67 MP: 6/10
  4315 | D:6      | Noticed Eustachio
  4381 | D:6      | Killed Eustachio
  4381 | D:6      | Reached skill level 7 in Unarmed Combat
  4470 | D:6      | Found a staircase to the Ecumenical Temple.
  4480 | Temple   | Entered the Ecumenical Temple
  4560 | Temple   | Became a worshipper of Ashenzari the Shackled
  5366 | D:7      | Reached skill level 8 in Unarmed Combat
  5514 | D:7      | Killed from afar by an orc priest

Vault maps used:
D:1:      eino_arrival_cavern_b, kennysheep_decorative_pillar, minmay_unequal
D:3:      first_ration, minivault_5, hangedman_abyss_or_decor_stabs
D:4:      lemuel_doored_altar, serial_shops, shop
D:5:      grunt_temple_overflow_open, nicolae_tso_carved_into_rock
D:6:      temple_hall, serial_shops, shop, uniq_menkaure, uniq_eustachio
Temple:   nicolae_temple_great_sept

Skill      XL: |  1  2  3  4  5  6  7  8 |
---------------+-------------------------+-----
Conjurations   | 1 2 3 5 6 |  6.3
Unarmed Combat | 1 2 3 4 5 6 8 |  8.2
Dodging        | |  1.5
Stealth        | |  1.0
Spellcasting   | |  2.0
Summonings     | |  0.6
Translocations | |  0.6

Action                   |  1- 3 |  4- 6 |  7- 9 || total
-------------------------+-------+-------+-------++-------
Melee: Unarmed           |   111 |   259 |   227 ||   597
       Punch             |     1 |     2 |     4 ||     7
 Cast: Mephitic Cloud    |       |     3 |    10 ||    13
Invok: Curse Item        |       |       |     2 ||     2
Evoke: Wand              |       |       |     3 ||     3
  Use: Scroll            |       |     4 |     5 ||     9
       Potion            |       |     1 |       ||     1
 Stab: Sleeping          |     2 |     6 |       ||     8
       Distracted        |       |     2 |       ||     2
       Confused          |       |     2 |     4 ||     6
  Eat: Chunk             |    12 |    25 |    21 ||    58
Armor: Robe              |    66 |    86 |    97 ||   249
Dodge: Dodged            |    88 |   100 |   146 ||   334

Table legend:
 A = Spawn XP
 B = Non-spawn XP
 C = Spawn XP percentage of total XP
 D = Spawn monster count
 E = Non-spawn monster count
 F = Spawn count percentage of total count
 G = Total turns spent on level
                    A         B        C        D         E        F      G
               +---------+---------+-------+---------+---------+-------+---------
         Total |       0 |    2792 |   0.0 |       0 |     166 |   0.0 |  5514
               +---------+---------+-------+---------+---------+-------+---------
           D:1 |       0 |      58 |   0.0 |       0 |      34 |   0.0 |   616
           D:2 |       0 |      95 |   0.0 |       0 |      20 |   0.0 |   922
           D:3 |       0 |     105 |   0.0 |       0 |      23 |   0.0 |   853
           D:4 |       0 |     352 |   0.0 |       0 |      25 |   0.0 |   698
           D:5 |       0 |     289 |   0.0 |       0 |      13 |   0.0 |   771
           D:6 |       0 |    1359 |   0.0 |       0 |      30 |   0.0 |  1262
           D:7 |       0 |     534 |   0.0 |       0 |      21 |   0.0 |   296
               +---------+---------+-------+---------+---------+-------+---------
